 Dungeon Crawl Stone Soup version 0.24.0-2-g5b39cebb1c (console) character file.

Game seed: 15715168026509987988, levelgen mode: deterministic

57 AlterAsc the Insei (level 3, 0/26 HPs)
             Began as a Demonspawn Transmuter on Oct 30, 2019.
             Killed by nerve-wracking pain
             ... invoked by Jessica
              (4 damage)
             ... on level 3 of the Dungeon.
             The game lasted 00:04:33 (1552 turns).

AlterAsc the Insei (Demonspawn Transmuter)          Turns: 1552, Time: 00:04:34

Health: 0/26       AC: 10    Str: 11    XL:     3   Next: 73%
Magic:  6/6        EV:  5    Int: 14    God:
Gold:   63         SH:  0    Dex: 13    Spells: 5/6 levels left

rFire    . . .     SeeInvis .     - Unarmed
rCold    . . .     Gourm    .   (no shield)
rNeg     . . .     Faith    .   c - +0 chain mail
rPois    .         Spirit   .   (no helmet)
rElec    .         Reflect  .   m - +0 cloak
rCorr    .         Harm     .   j - +0 pair of gloves
MR       .....                  (no boots)
Stlth    ..........             (no amulet)
HPRegen  0.08/turn              (no ring)
MPRegen  0.10/turn              (no ring)

@: no status effects
A: rot immunity
a: no special abilities


You were on level 3 of the Dungeon.
You were not hungry.

You visited 1 branch of the dungeon, and saw 3 of its levels.

You collected 63 gold pieces.

Inventory:

Missiles
 a - 32 arrows
Armour
 b - a +0 robe
 c - a +0 chain mail (worn)
 f - a +0 leather armour
 g - a +0 ring mail
 j - a +0 pair of gloves (worn)
 m - a +0 cloak (worn)
Scrolls
 h - a scroll of remove curse {unknown}
 i - a scroll of teleportation {unknown}
 k - 4 scrolls of identify {unknown}
Potions
 e - 2 potions of haste
 l - a potion of flight {unknown}
Comestibles
 d - 2 rations


   Skills:
 + Level 1.5 Fighting
 + Level 2.2 Dodging
 * Level 3.3 Unarmed Combat
 + Level 2.3 Spellcasting
 + Level 2.2 Transmutations


You had 5 spell levels left.
You knew the following spells:

 Your Spells              Type           Power        Failure   Level  Hunger
a - Beastly Appendage     Tmut           #.....       99%         1    #......

Your spell library contained the following spells:

 Spells                   Type           Power        Failure   Level  Hunger
 Sticks to Snakes         Tmut           #.......     100%        2    ###....
 Spider Form              Tmut/Pois      #.........   100%        3    ###....
 Ice Form                 Ice/Tmut       #.......     100%        4    #####..
 Blade Hands              Tmut           #.........   100%        5    ######.


Dungeon Overview and Level Annotations

Branches:
Dungeon (3/15)

Altars:
Makhleb

Annotations:
D:2 Sigmund
D:3 Jessica


Innate Abilities, Weirdness & Mutations

You are immune to rotting.


Message History

The adder bites you but does no damage.
Found a stone staircase leading up.
You feel sick.
Found a club.
Press: ? - help, v - describe, . - travel The floor.
The adder bites you.
* * * LOW HITPOINT WARNING * * *
Found a twisted copper ring.
The giant cockroach bites you but does no damage.
Found 24 stones.
An orc and Jessica come into view.
You feel sick.
You are no longer poisoned.
Jessica shouts!
The orc shouts!
You hear a shout!
An orc comes into view.
Found 12 stones.
Jessica gestures at you while chanting. Pain shoots through your body!
You die...

..# ...# ....
#...## ...#......
.. ###.......#
...#...#.....##.
...#........=...
.(............#
.......@<..##
#####..s..@.#
#.lS#...)o.o
##..#.#......
#..#._.#.....
#...#.#.....(
#....#....###
########........##
#.................


You could see an adder, Jessica, an orc, a leopard gecko and a giant cockroach.

Vanquished Creatures
  3 adders
  A dart slug (D:1)
  2 leopard geckos (D:1)
  2 giant cockroaches (D:1)
  2 goblins (D:1)
  4 hobgoblins
  3 bats
  2 frilled lizards
  5 kobolds
  4 rats
28 creatures vanquished.

Notes
Turn   | Place    | Note
-------+----------+-------------------------------------------
     0 | D:1      | AlterAsc the Demonspawn Transmuter began the quest for the
                  | Orb.
     0 | D:1      | Reached XP level 1. HP: 15/15 MP: 3/3
   256 | D:1      | Gained mutation: You are immune to rotting. [demonic
                  | ancestry]
   256 | D:1      | Reached XP level 2. HP: 21/21 MP: 5/5
   450 | D:1      | Reached skill level 3 in Unarmed Combat
   684 | D:2      | Reached XP level 3. HP: 8/26 MP: 6/6
   985 | D:2      | Found a burning altar of Makhleb.
  1086 | D:2      | Noticed Sigmund
  1524 | D:3      | Found a faded altar of an unknown god.
  1551 | D:3      | Noticed Jessica
  1552 | D:3      | Killed from afar by Jessica

Levels and vault maps discovered:
D:1:      minmay_arrival_shattered_statue, layout_basic
D:2:      layout_rooms, nicolae_overflow_crystal_walls, marbit_many_paths,
          first_ration, corexii_shack, uniq_sigmund
D:3:      layout_basic, chequers_ecumenical_altar_simple_redux,
          hangedman_decor_push, uniq_jessica

Skill      XL: |  1  2 |
---------------+-------+-----
Transmutations | 2 |  2.2
Dodging        | 2 |  2.2
Unarmed Combat | 3 |  3.3
Fighting       | |  1.5
Spellcasting   | |  2.3

Action                   || total
-------------------------++-------
Melee: Unarmed           ||   160
       Punch             ||     1
  Eat: Chunk             ||     2
Armor: Chain mail        ||   181
Dodge: Dodged            ||    41
